PAA
CHESAPEAKE CONTINENTALS @ MERCER ISLAND SCREAMING EAGLES
09/16/2038
 
TOP OF THE 1ST
Chesapeake Continentals batting - Pitching for Mercer Island Screaming Eagles : RHP Lonnie Zavala
Pitching: RHP Lonnie Zavala
Batting: LHB William Anderson 0-0: Called Strike
0-1: Swinging Strike
0-2: Ball
1-2: Strikes out swinging
Batting: RHB Kjartan Einarsson 0-0: Called Strike
0-1: Fly out, F7 (Line Drive, 7, EV 98.8 MPH)
Batting: LHB Jarred Williamson 0-0: Called Strike
0-1: Called Strike
0-2: SINGLE (Line Drive, 9S, EV 93.8 MPH)
Batting: RHB Manuel Márquez 0-0: Fly out, F7 (Flyball, 7LS, EV 81.9 MPH)
Top of the 1st over - 0 runs, 1 hit, 0 errors, 1 left on base; Chesapeake 0 - Mercer Island 0
BOTTOM OF THE 1ST
Mercer Island Screaming Eagles batting - Pitching for Chesapeake Continentals : RHP Shaun Stroud
Pitching: RHP Shaun Stroud
Batting: RHB Emílio Ramírez 0-0: Called Strike
0-1: Ball
1-1: Foul Ball, location: 2F
1-2: Ball
2-2: Ball
3-2: Foul Ball, location: 2F
3-2: Fly out, F3 (Popup, 34, EV 55.0 MPH)
Batting: RHB Mikael Evangjeli 0-0: Called Strike
0-1: Foul Ball, location: 2F
0-2: Ball
1-2: Ball
2-2: Ground out 4-3 (Groundball, 4, EV 83.8 MPH)
Batting: LHB Fernando Flores 0-0: Ball
1-0: Foul Ball, location: 2F
1-1: Foul Ball, location: 2F
1-2: Ground out 1-4-3 (Groundball, 15S, EV 101.9 MPH)
Bottom of the 1st over - 0 runs, 0 hits, 0 errors, 0 left on base; Chesapeake 0 - Mercer Island 0
TOP OF THE 2ND
Chesapeake Continentals batting - Pitching for Mercer Island Screaming Eagles : RHP Lonnie Zavala
Batting: RHB Greg Dixon 0-0: Called Strike
0-1: Swinging Strike
0-2: Ball
1-2: Foul Ball, location: 2F
1-2: Strikes out looking
Batting: RHB Pat Hopkins 0-0: Ball
1-0: Called Strike
1-1: Called Strike
1-2: Fly out, F5 (Line Drive, 5, EV 75.6 MPH)
Batting: RHB Marvin Clark 0-0: Ground out 4-3 (Groundball, 4, EV 103.1 MPH)
Top of the 2nd over - 0 runs, 0 hits, 0 errors, 0 left on base; Chesapeake 0 - Mercer Island 0
BOTTOM OF THE 2ND
Mercer Island Screaming Eagles batting - Pitching for Chesapeake Continentals : RHP Shaun Stroud
Batting: LHB Pedro Muñóz 0-0: Ball
1-0: Swinging Strike
1-1: Fly out, F9 (Flyball, 89S, EV 91.2 MPH)
Batting: RHB Corey Ollerton 0-0: Ball
1-0: Called Strike
1-1: Foul Ball, location: 2F
1-2: Strikes out looking
Batting: RHB Charles Basle 0-0: Swinging Strike
0-1: Ball
1-1: Ball
2-1: Ball
3-1: SINGLE (Groundball, 4MD, EV 98.8 MPH)
Batting: RHB Brevyn Spann-Ford 0-0: Called Strike
0-1: Ball
1-1: Foul Ball, location: 2F
1-2: Fly out, F9 (Flyball, 9S, EV 81.9 MPH)
Bottom of the 2nd over - 0 runs, 1 hit, 0 errors, 1 left on base; Chesapeake 0 - Mercer Island 0
TOP OF THE 3RD
Chesapeake Continentals batting - Pitching for Mercer Island Screaming Eagles : RHP Lonnie Zavala
Batting: RHB Tae-wan Kim 0-0: Ball
1-0: Ball
2-0: Foul Ball, location: 2F
2-1: Swinging Strike
2-2: Ball
3-2: Foul Ball, location: 2F
3-2: SOLO HOME RUN (Flyball, 7D, EV 98.8 MPH), Distance : 389 ft
Batting: RHB Lenny Penaligan 0-0: Ball
1-0: Called Strike
1-1: Ball
2-1: Called Strike
2-2: Foul Ball, location: 2F
2-2: Ball
3-2: Foul Ball, location: 2F
3-2: SINGLE (Flyball, 8RS, EV 88.1 MPH)
Batting: LHB William Anderson 0-0: Ball
1-0: Called Strike
1-1: Ball
2-1: Called Strike
2-2: Foul Ball, location: 2F
2-2: Ball
3-2: Foul Ball, location: 2F
3-2: Fly out, F6 (Line Drive, 6, EV 61.2 MPH)
Batting: RHB Kjartan Einarsson 0-0: Foul Ball, location: 2F
0-1: SINGLE (Flyball, 78S, EV 98.8 MPH)
Lenny Penaligan to second
Batting: LHB Jarred Williamson 0-0: Ball
1-0: Ball
2-0: Grounds into double play, 4-6-3 (Groundball, 4, EV 101.9 MPH)
Top of the 3rd over - 1 run, 3 hits, 0 errors, 1 left on base; Chesapeake 1 - Mercer Island 0
BOTTOM OF THE 3RD
Mercer Island Screaming Eagles batting - Pitching for Chesapeake Continentals : RHP Shaun Stroud
Batting: RHB Carlos Miranda 0-0: Ball
1-0: Ball
2-0: Ground out 4-3 (Groundball, 4, EV 84.4 MPH)
Batting: RHB Byron Ballard 0-0: Called Strike
0-1: Foul Ball, location: 2F
0-2: Ball
1-2: Reached on error, E2 (Groundball, 2L, EV 66.9 MPH)
Batting: RHB Emílio Ramírez 0-0: Called Strike
0-1: Foul Ball, location: 2F
0-2: Ball
1-2: Foul Ball, location: 2F
1-2: Ball
2-2: Foul Ball, location: 2F
2-2: SINGLE (Line Drive, 7S, EV 108.1 MPH)
Byron Ballard to second
Batting: RHB Mikael Evangjeli 0-0: Ground out 4-3 (Groundball, 4M, EV 97.5 MPH)
Byron Ballard to third
Emílio Ramírez to second
Batting: LHB Fernando Flores 0-0: Ball
1-0: Foul Ball, location: 2F
1-1: Foul Ball, location: 2F
1-2: Ball
2-2: Foul Ball, location: 2F
2-2: Hit by Pitch
Batting: LHB Pedro Muñóz 0-0: Ball
1-0: Called Strike
1-1: Foul Ball, location: 2F
1-2: Foul Ball, location: 2F
1-2: Foul Ball, location: 2F
1-2: Strikes out swinging
Bottom of the 3rd over - 0 runs, 1 hit, 1 error, 3 left on base; Chesapeake 1 - Mercer Island 0
TOP OF THE 4TH
Chesapeake Continentals batting - Pitching for Mercer Island Screaming Eagles : RHP Lonnie Zavala
Batting: RHB Manuel Márquez 0-0: Ball
1-0: Ground out 1-3 (Groundball, 15S, EV 68.1 MPH)
Batting: RHB Greg Dixon 0-0: Ball
1-0: Ball
2-0: Foul Ball, location: 2F
2-1: Ball
3-1: Base on Balls
Batting: RHB Pat Hopkins 0-0: Ball
1-0: Ball
2-0: Swinging Strike
2-1: Swinging Strike
2-2: Ball
3-2: Foul Ball, location: 2F
3-2: Foul Ball, location: 2F
3-2: SINGLE (Groundball, 6MD, EV 107.5 MPH)
Greg Dixon to second
Runner from 2nd tries for 3rd, SAFE, throw by CF made to third
Batting: RHB Marvin Clark 0-0: Called Strike
Pat Hopkins steals 2nd base
0-1: Swinging Strike
0-2: Foul Ball, location: 2F
0-2: Ball
1-2: Ball
2-2: Foul Ball, location: 2F
2-2: Strikes out swinging
Batting: RHB Tae-wan Kim 0-0: Ball
1-0: Foul Ball, location: 2F
1-1: Swinging Strike
1-2: Fly out, F7 (Flyball, 7LS, EV 91.9 MPH)
Top of the 4th over - 0 runs, 1 hit, 0 errors, 2 left on base; Chesapeake 1 - Mercer Island 0
BOTTOM OF THE 4TH
Mercer Island Screaming Eagles batting - Pitching for Chesapeake Continentals : RHP Shaun Stroud
Batting: RHB Corey Ollerton 0-0: Ball
1-0: Ball
2-0: Swinging Strike
2-1: SINGLE (Line Drive, 8LS, EV 98.1 MPH)
Batting: RHB Charles Basle 0-0: Ball
1-0: Ball
2-0: Foul Ball, location: 2F
2-1: Swinging Strike
2-2: Ball
3-2: Foul Ball, location: 2F
3-2: Base on Balls
Corey Ollerton to second
Batting: RHB Brevyn Spann-Ford 0-0: Called Strike
0-1: Ball
1-1: Foul Ball, location: 2F
1-2: Ball
2-2: Ball
3-2: Base on Balls
Corey Ollerton to third
Charles Basle to second
Batting: RHB Carlos Miranda 0-0: Ball
1-0: Called Strike
1-1: Called Strike
1-2: Foul Ball, location: 2F
1-2: Grounds into fielders choice 1-2 (Groundball, 34S, EV 84.4 MPH)
Charles Basle to third
Brevyn Spann-Ford to second
Batting: RHB Byron Ballard 0-0: Ball
1-0: Foul Ball, location: 2F
1-1: Ball
2-1: Ball
3-1: Foul Ball, location: 2F
3-2: Foul Ball, location: 2F
3-2: Foul Ball, location: 2F
3-2: Base on Balls
Charles Basle scores
Brevyn Spann-Ford to third
Carlos Miranda to second
Batting: RHB Emílio Ramírez 0-0: Ball
1-0: Fly out, F8 (Flyball, 8RS, EV 76.2 MPH)
Batting: RHB Mikael Evangjeli 0-0: Called Strike
0-1: Foul Ball, location: 2F
0-2: Foul Ball, location: 2F
0-2: Strikes out swinging
Bottom of the 4th over - 1 run, 1 hit, 0 errors, 3 left on base; Chesapeake 1 - Mercer Island 1
TOP OF THE 5TH
Chesapeake Continentals batting - Pitching for Mercer Island Screaming Eagles : RHP Lonnie Zavala
Batting: RHB Lenny Penaligan 0-0: Ball
1-0: Ground out U3 (Groundball, 34, EV 103.1 MPH)
Batting: LHB William Anderson 0-0: Ball
1-0: Ball
2-0: Ball
3-0: Called Strike
3-1: Foul Ball, location: 2F
3-2: Reached on error, E1 (Groundball, 15S, EV 66.9 MPH)
Batting: RHB Kjartan Einarsson 0-0: Called Strike
0-1: Ball
William Anderson steals 2nd base
1-1: Ball
2-1: Foul Ball, location: 2F
2-2: Ball
3-2: Foul Ball, location: 2F
3-2: Foul Ball, location: 2F
3-2: Ground out 4-3 (Groundball, 4M, EV 88.8 MPH)
William Anderson to third
Batting: LHB Jarred Williamson 0-0: Called Strike
0-1: Ball
1-1: Ball
2-1: Called Strike
2-2: Ground out 6-3 (Groundball, 56, EV 91.2 MPH)
Top of the 5th over - 0 runs, 0 hits, 1 error, 1 left on base; Chesapeake 1 - Mercer Island 1
BOTTOM OF THE 5TH
Mercer Island Screaming Eagles batting - Pitching for Chesapeake Continentals : RHP Shaun Stroud
Batting: LHB Fernando Flores 0-0: Ball
1-0: Fly out, F9 (Line Drive, 9, EV 88.1 MPH)
Batting: LHB Pedro Muñóz 0-0: Ball
1-0: Ball
2-0: Ball
3-0: Base on Balls
Pitching: LHP Nathan Bernard
Batting: RHB Corey Ollerton 0-0: Ball
1-0: Ball
2-0: Called Strike
2-1: Foul Ball, location: 2F
2-2: Foul Ball, location: 2F
2-2: Fly out, F8 (Flyball, 8LM, EV 68.1 MPH)
Batting: RHB Charles Basle 0-0: Ground out 4-3 (Groundball, 34, EV 81.2 MPH)
Bottom of the 5th over - 0 runs, 0 hits, 0 errors, 1 left on base; Chesapeake 1 - Mercer Island 1
TOP OF THE 6TH
Chesapeake Continentals batting - Pitching for Mercer Island Screaming Eagles : RHP Lonnie Zavala
Batting: RHB Manuel Márquez 0-0: Ground out 6-3 (Groundball, 6, EV 76.9 MPH)
Batting: RHB Greg Dixon 0-0: Foul Ball, location: 2F
0-1: Foul Ball, location: 2F
0-2: Ball
1-2: Strikes out swinging
Batting: RHB Pat Hopkins 0-0: Foul Ball, location: 2F
0-1: Ground out 6-3 (Groundball, 6, EV 88.8 MPH)
Top of the 6th over - 0 runs, 0 hits, 0 errors, 0 left on base; Chesapeake 1 - Mercer Island 1
BOTTOM OF THE 6TH
Mercer Island Screaming Eagles batting - Pitching for Chesapeake Continentals : LHP Nathan Bernard
Batting: RHB Brevyn Spann-Ford 0-0: Ball
1-0: Swinging Strike
1-1: SINGLE (Flyball, 78S, EV 93.1 MPH)
Batting: RHB Carlos Miranda 0-0: Ball
1-0: Ball
2-0: Sac Bunt to 15S - play at first, batter OUT! 1-4
Brevyn Spann-Ford to second
Batting: RHB Byron Ballard 0-0: Ball
1-0: Fly out, F4 (Line Drive, 4, EV 71.9 MPH)
Batting: RHB Emílio Ramírez 0-0: Ball
1-0: Foul Ball, location: 2F
1-1: Ball
2-1: Foul Ball, location: 2F
2-2: Ball
3-2: Fly out, F9 (Flyball, 89D, EV 93.8 MPH)
Bottom of the 6th over - 0 runs, 1 hit, 0 errors, 1 left on base; Chesapeake 1 - Mercer Island 1
TOP OF THE 7TH
Chesapeake Continentals batting - Pitching for Mercer Island Screaming Eagles : RHP Lonnie Zavala
Batting: RHB Marvin Clark 0-0: Foul Ball, location: 2F
0-1: Ball
1-1: Swinging Strike
1-2: Fly out, F7 (Flyball, 7D, EV 86.9 MPH)
Pitching: LHP Bing-zhong Qiu
Batting: RHB Tae-wan Kim 0-0: Ground out U3 (Groundball, 34, EV 109.4 MPH)
Batting: RHB Lenny Penaligan 0-0: Ball
1-0: Foul Ball, location: 2F
1-1: Ball
2-1: Foul Ball, location: 2F
2-2: Fly out, F8 (Flyball, 8LM, EV 91.2 MPH)
Top of the 7th over - 0 runs, 0 hits, 0 errors, 0 left on base; Chesapeake 1 - Mercer Island 1
BOTTOM OF THE 7TH
Mercer Island Screaming Eagles batting - Pitching for Chesapeake Continentals : LHP Nathan Bernard
Batting: RHB Mikael Evangjeli 0-0: Called Strike
0-1: Ball
1-1: Called Strike
1-2: Ball
2-2: Strikes out looking
Batting: LHB Fernando Flores 0-0: Ground out 4-3 (Groundball, 4, EV 105.0 MPH)
Batting: LHB Pedro Muñóz 0-0: Ball
1-0: Foul Ball, location: 2F
1-1: Ground out 4-3 (Groundball, 34, EV 103.8 MPH)
Bottom of the 7th over - 0 runs, 0 hits, 0 errors, 0 left on base; Chesapeake 1 - Mercer Island 1
TOP OF THE 8TH
Chesapeake Continentals batting - Pitching for Mercer Island Screaming Eagles : LHP Bing-zhong Qiu
Batting: LHB William Anderson 0-0: Ball
1-0: Swinging Strike
1-1: Ball
2-1: Foul Ball, location: 2F
2-2: Ball
3-2: Fly out, F8 (Flyball, 8LS, EV 85.6 MPH)
Batting: RHB Kjartan Einarsson 0-0: Ground out 6-3 (Groundball, 6, EV 90.6 MPH)
Batting: LHB Jarred Williamson 0-0: Ball
1-0: Ball
2-0: Foul Ball, location: 2F
2-1: Foul Ball, location: 2F
2-2: Strikes out swinging
Top of the 8th over - 0 runs, 0 hits, 0 errors, 0 left on base; Chesapeake 1 - Mercer Island 1
BOTTOM OF THE 8TH
Mercer Island Screaming Eagles batting - Pitching for Chesapeake Continentals : LHP Nathan Bernard
Batting: RHB Corey Ollerton 0-0: Foul Ball, location: 2F
0-1: Ball
1-1: Foul Ball, location: 2F
1-2: Ball
2-2: Foul Ball, location: 2F
2-2: Ball
3-2: Base on Balls
Batting: RHB Charles Basle 0-0: Foul Ball, location: 2F
0-1: Ball
1-1: Ball
2-1: Fly out, F8 (Flyball, 8RD, EV 93.8 MPH)
Pitching: RHP Ramiro Valdés
Batting: RHB Brevyn Spann-Ford 0-0: Ball
1-0: Ball
2-0: Ball
3-0: Called Strike
3-1: Base on Balls
Corey Ollerton to second
Batting: RHB Carlos Miranda 0-0: Ball
1-0: Ball
2-0: Called Strike
2-1: Ball
3-1: Foul Ball, location: 2F
3-2: Foul Ball, location: 2F
3-2: Reached on error, E4 (Groundball, 34, EV 100.6 MPH)
Corey Ollerton to third
Brevyn Spann-Ford to second
Batting: RHB Byron Ballard 0-0: Ball
1-0: Ball
2-0: Ball
3-0: Called Strike
3-1: Base on Balls
Corey Ollerton scores
Brevyn Spann-Ford to third
Carlos Miranda to second
Batting: RHB Emílio Ramírez 0-0: Ball
1-0: GRAND SLAM HOME RUN (Flyball, 89XD, EV 94.4 MPH), Distance : 413 ft
Pitching: RHP Manuel Nieves
Batting: RHB Mikael Evangjeli 0-0: Ball
1-0: Called Strike
1-1: Ball
2-1: Ball
3-1: Base on Balls
Batting: LHB Fernando Flores 0-0: Ball
1-0: Grounds into double play, 1-6-3 (Groundball, 13S, EV 65.0 MPH)
Bottom of the 8th over - 5 runs, 1 hit, 1 error, 0 left on base; Chesapeake 1 - Mercer Island 6
TOP OF THE 9TH
Chesapeake Continentals batting - Pitching for Mercer Island Screaming Eagles : LHP Bing-zhong Qiu
Batting: RHB Manuel Márquez 0-0: Ball
1-0: Ball
2-0: Called Strike
2-1: Swinging Strike
2-2: Ball
3-2: Foul Ball, location: 2F
3-2: Base on Balls
Batting: RHB Greg Dixon 0-0: DOUBLE (Flyball, 8LXD, EV 91.9 MPH)
Manuel Márquez to third
Batting: RHB Pat Hopkins 0-0: Ball
1-0: Called Strike
1-1: Called Strike
1-2: Foul Ball, location: 2F
1-2: Fly out, F9 (Flyball, 9, EV 85.0 MPH)
Runner from 3rd tags up, SCORES, no throw by RF
Batting: RHB Marvin Clark 0-0: Ground out 1-3 (Groundball, 13S, EV 68.8 MPH)
Greg Dixon to third
Batting: RHB Tae-wan Kim 0-0: Called Strike
0-1: SINGLE (Line Drive, 89S, EV 100.6 MPH)
Greg Dixon scores
Batting: RHB Lenny Penaligan 0-0: Swinging Strike
0-1: Ball
1-1: Ground out 5-3 (Groundball, 5S, EV 68.8 MPH)
Top of the 9th over - 2 runs, 2 hits, 0 errors, 1 left on base; Chesapeake 3 - Mercer Island 6
Friday, April 17th, 2020 - OOTP Baseball 20.8 Build 74